 Dungeon Sprint DCSS version 0.18-a0-993-g4a3b7c7 (webtiles) character file.

4 M4edhros the Charlatan (level 1, -3/13 HPs)
             Began as an Octopode Artificer on Jan 4, 2016.
             Was an Initiate of Fedhas.
             Slain by an ufetubus (4 damage)
             ... in the Dungeon (Sprint VII: "The Pits").
             The game lasted 00:00:27 (154 turns).

M4edhros the Charlatan (Octopode Artificer)          Turns: 154, Time: 00:00:28

Health: -3/13      AC:  1    Str: 10    XL:     1   Next: 60%
Magic:  3/3        EV: 13    Int: 14    God:    Fedhas [......]
Gold:   0          SH:  0    Dex: 12    Spells: 0 memorised, 0 levels left

rFire  . . .     SeeInvis .     r - +2 trident
rCold  . . .     Gourm    .     (no shield)
rNeg   . . .     Faith    .     (helmet restricted)
rPois  .         Spirit   .     (no amulet)
rElec  .         Dismiss  .     (no ring)
rCorr  .         Reflect  .     (no ring)
SustAt .         Harm     .     (no ring)
MR     .....     NoTele   +     (no ring)
Stlth  +++.......               (no ring)
                                (no ring)
                                (no ring)
                                (no ring)

@: not resistant to hostile enchantments, fairly stealthy
A: almost no armour, amphibious, 8 rings, constrict 8, camouflage 1, gelatinous
body 1
a: Renounce Religion


You were in the Dungeon.
You worshipped Fedhas.
Fedhas was noncommittal.
You were not hungry.

You visited 1 branch

Inventory:

Hand Weapons
 a - a +0 short sword
 r - a +2 trident (weapon)
Wands
 b - a wand of flame (15/48)
 c - a wand of enslavement (15/24)
 d - a wand of random effects (15/48)
Scrolls
 k - a scroll of blinking
 o - 3 scrolls of remove curse
 p - 5 scrolls of amnesia
 q - a scroll of summoning
Potions
 e - a potion of curing
 g - a potion of heal wounds
 h - a potion of haste
 i - 4 potions of magic
 j - 3 potions of berserk rage
 n - 2 potions of invisibility
Comestibles
 f - 8 bread rations
 l - 40 fruits
 m - 7 meat rations


   Skills:
 - Level 1.0 Fighting
 - Level 1.0 Short Blades
 * Level 2.8 Dodging
 * Level 3.0 Stealth
 + Level 3.5 Evocations


You couldn't memorise any spells.
You didn't know any spells.

Dungeon Overview and Level Annotations

Branches:
Dungeon (1/1)

Altars:
Ashenzari
Cheibriados
Dithmenos
Elyvilon
Fedhas
Gozag
Kikubaaqudgha
Makhleb
Nemelex Xobeh
Okawaru
Pakellas
Qazlal
Ru
Sif Muna
Trog
Vehumet
Xom
Yredelemnul
Zin
The Shining One
Beogh
Jiyva
Lugonu


Innate Abilities, Weirdness & Mutations

You cannot wear most types of armour.
You are amphibious.
You can wear up to eight rings at the same time.
You can use your tentacles to constrict eight enemies at once.
Your skin changes colour to match your surroundings (Stealth).
Your rubbery body absorbs attacks (AC +1).


Message History

Press: ? - help, Dir - move target cursor, f - giant gecko
Aim: a giant gecko (clinging, resting)
You reach to attack!
The helpless giant gecko fails to defend itself.
You puncture the giant gecko!
You kill the giant gecko!
Your Stealth skill increases to level 3!
No target in view!
No target in view!
You open the door.
A ball python and an ufetubus come into view.
There is an open door here.
The ufetubus barely misses you. The ufetubus hits you.
You hit the ufetubus. Your grab misses the ufetubus.
The ufetubus is almost dead.
The ufetubus hits you. x2
* * * LOW HITPOINT WARNING * * *
The ufetubus hits you.
You die...
Fedhas appreciates your contribution to the ecosystem.

#_#####'##############
#_#)))'.'..##.........
#_#.))#.#?(##......#..
#######'#####.........
#.........†.'.........
#+#####'#####......#..
#S..#†# #.........
#..5#.# ####'#####
#..@'.# #.......#
##+#### #.......#
#.......# #...<...#
#.......# #.......#
#.......# #########


You could see an ufetubus and a ball python (sleeping).

Vanquished Creatures
  A giant gecko (D)
  A ball python (D)
  A rat (D)
3 creatures vanquished.

Notes
Turn   | Place    | Note
--------------------------------------------------------------
     0 | D        | M4edhros the Octopode Artificer began the quest for the Orb.
     0 | D        | Reached XP level 1. HP: 13/13 MP: 3/3
    93 | D        | Found a sacrificial altar of Ru.
    93 | D        | Found a basalt altar of Yredelemnul.
    93 | D        | Found a shadowy altar of Dithmenos.
    93 | D        | Found a deep blue altar of Sif Muna.
    93 | D        | Found a burning altar of Makhleb.
    93 | D        | Found a shimmering altar of Xom.
    93 | D        | Found an ancient bone altar of Kikubaaqudgha.
    93 | D        | Found a sparkling altar of Nemelex Xobeh.
    94 | D        | Found a glowing golden altar of the Shining One.
    94 | D        | Found a bloodstained altar of Trog.
    94 | D        | Found a shattered altar of Ashenzari.
    94 | D        | Found a white marble altar of Elyvilon.
    94 | D        | Found a snail-covered altar of Cheibriados.
    94 | D        | Found a blossoming altar of Fedhas.
    94 | D        | Found a radiant altar of Vehumet.
    94 | D        | Found a glowing silver altar of Zin.
    94 | D        | Found a corrupted altar of Lugonu.
    94 | D        | Found a viscous altar of Jiyva.
    94 | D        | Found a roughly hewn altar of Beogh.
    94 | D        | Found an iron altar of Okawaru.
    95 | D        | Found an oddly glowing altar of Pakellas.
    97 | D        | Became a worshipper of Xom the Random
   101 | D        | Found a stormy altar of Qazlal.
   101 | D        | Found an opulent altar of Gozag.
   126 | D        | Fell from the grace of Xom
   126 | D        | Became a worshipper of Fedhas Madash
   154 | D        | Slain by an ufetubus

Vault maps used:
D:        pitsprint

Action                   || total
-------------------------++-------
Melee: Short sword       ||     3
       Trident           ||     3
 Stab: Sleeping          ||     3
